Map: Newkirk Precinct TE (Void)

Players

Clifton - Winner!

  • Race: Terran Terran
  • Spawn Location: 5:00

Matthew

  • Race: Protoss Protoss
  • League: Gold
  • Spawn Location: 7:00

VOD

Have the link to the VOD?

Description

so close... I think i may have just needed to aexpand earlier and mass more army before attacking

Time

  • Played on: Feb. 15, 2017, 11:46 p.m.
  • Length: 16:18
Show
View Real Time Build Order
Export as new Build Order

Clifton Terran - Winner!

Build Orders:  

Get SALT Encoding   

  12  0:01  SCV  
  13  0:13  SCV  
  14  0:18  Supply Depot  
  14  0:25  SCV  
  15  0:31  Refinery  
  15  0:42  Barracks  
  15  0:46  SCV  
  16  0:58  SCV  
  17  1:14  SCV  
  18  1:26  SCV  
  19  1:38  SCV  
  20  1:51  SCV  
  21  1:55  Marine  
  22  2:03  Command Center  
  22  2:08  SCV  
  23  2:12  Refinery  
  23  2:23  Supply Depot  
  23  2:25  Supply Depot  
  23  2:28  Orbital Command  
  23  2:32  Barracks Reactor  
  23  2:34  Barracks Tech Lab  
  23  2:47  Factory  
  23  2:58  SCV  
  24  2:59  Marine  
  24  3:01  Concussive Shells  
  25  3:12  SCV  
  26  3:17  Marauder, SCV  
  29  3:22  Bunker  
  29  3:24  SCV  
  30  3:29  SCV  
  31  3:36  Starport, Factory Tech Lab  
  31  3:43  SCV  
  31  3:46  Stimpack  
  31  3:47  SCV  
  33  3:55  SCV  
  34  3:59  SCV  
  35  4:05  Starport  
  35  4:07  SCV  
  30  4:19  Marine, SCV  
  30  4:21  Engineering Bay, Siege Tank  
  35  4:26  Starport Tech Lab  
  35  4:28  SCV  
  37  4:31  SCV  
  37  4:37  Marine  
  38  4:42  Starport Tech Lab  
  38  4:43  SCV  
  39  4:52  Widow Mine  
  31  4:55  Missile Turret  
  31  4:57  SCV  
  31  4:58  Missile Turret x3  
  33  5:09  SCV  
  34  5:26  SCV  
  35  5:32  Banshee  
  38  5:38  SCV x2  
  40  5:50  SCV  
  40  5:51  SCV  
  40  5:56  Refinery  
  42  6:02  SCV  
  42  6:03  SCV  
  42  6:04  Terran Infantry Weapons Level 1  
  43  6:13  Banshee  
  43  6:14  SCV  
  43  6:15  SCV  
  48  6:26  Refinery, SCV  
  48  6:27  SCV  
  53  6:38  SCV  
  54  6:40  Missile Turret  
  54  6:47  SCV  
  54  6:53  Marine  
  52  6:56  Siege Tank  
  46  7:03  Viking  
  46  7:05  Viking  
  47  7:11  Marine  
  48  7:28  Planetary Fortress  
  48  7:29  Marine  
  49  7:33  Viking  
  49  7:35  Viking  
  49  7:46  Marine  
  50  7:54  Missile Turret  
  50  7:55  Missile Turret  
  50  8:00  Missile Turret  
  50  8:01  Siege Tank  
  50  8:04  SCV  
  54  8:19  Marine  
  54  8:20  SCV  
  47  8:27  Viking  
  47  8:28  Viking  
  47  8:32  SCV  
  52  8:37  Marine  
  53  8:44  SCV  
  54  8:52  SCV  
  54  8:55  Marine  
  50  8:57  Viking  
  50  8:58  Viking  
  50  9:04  SCV  
  47  9:18  Marine  
  47  9:22  Siege Tank  
  49  9:27  Viking x2  
  51  9:36  Marine  
  52  9:54  Marine  
  52  9:58  SCV  
  54  10:01  Refinery  
  54  10:25  Viking x2, SCV x2, Marine  
  54  10:27  Supply Depot  
  54  10:28  Supply Depot  
  60  10:37  SCV x2  
  60  10:42  Barracks  
  62  10:49  Siege Tank, Marine  
  67  10:50  Supply Depot, SCV  
  67  10:53  Supply Depot  
  67  10:55  Viking x2  
  71  11:03  SCV  
  72  11:07  Marine  
  73  11:24  Marine  
  67  11:42  Marine  
  68  11:58  Marine  
  68  12:00  Marine  
  70  12:03  Siege Tank  
  70  12:04  Viking  
  70  12:05  Viking  
  77  12:16  Marine  
  77  12:18  Marine  
  77  12:33  Marine  
  77  12:34  Viking  
  77  12:35  Viking  
  77  12:36  Marine  
  77  12:51  Marine  
  77  12:53  Marine  
  76  13:09  Marine  
  76  13:11  Marine  
  73  13:14  Command Center  
  73  13:19  Siege Tank  
  76  13:20  Viking x2  
  80  13:27  Marine  
  80  13:29  Marine  
  82  13:45  Marine  
  82  13:47  Marine  
  84  13:50  Viking x2  
  88  13:59  Bunker, Missile Turret  
  88  14:00  Bunker x2  
  88  14:01  Bunker, Missile Turret x2  
  88  14:03  Marine  
  88  14:04  Siege Tank  
  88  14:05  Missile Turret, Marine  
  93  14:20  Refinery, Marine  
  93  14:21  Refinery  
  94  14:26  Viking x2, Marine  
  99  14:38  Marine  
  99  14:44  Marine  
  101  14:50  SCV  
  102  14:56  Marine  
  103  15:01  Marine  
  103  15:03  SCV  
  103  15:06  Viking  
  128  15:07  Viking  
  109  15:24  Supply Depot  
  109  15:46  Viking x2, Marauder, SCV  
  109  15:47  Supply Depot  
  110  15:58  SCV  
  105  16:11  Supply Depot  
Show
View Real Time Build Order
Export as new Build Order

Matthew Protoss 

Build Orders: Oracle Opening 

Get SALT Encoding   

  12  0:14  Pylon  
  12  0:17  Probe (Chrono Boost)  
  13  0:22  Assimilator  
  14  0:39  Gateway  
  14  0:41  Probe (Chrono Boost)  
  14  0:53  Probe (Chrono Boost)  
  14  0:56  Assimilator  
  15  1:15  Probe (Chrono Boost)  
  16  1:30  Probe (Chrono Boost)  
  17  1:38  Cybernetics Core  
  17  1:43  Probe (Chrono Boost)  
  18  1:54  Probe (Chrono Boost)  
  19  2:05  Probe (Chrono Boost)  
  19  2:07  Pylon  
  20  2:11  Pylon  
  20  2:18  Warp Gate  
  20  2:26  Gateway  
  20  2:27  Probe (Chrono Boost)  
  21  2:33  Stargate  
  21  2:39  Probe (Chrono Boost)  
  22  2:51  Probe (Chrono Boost)  
  23  3:01  Probe (Chrono Boost)  
  24  3:12  Oracle  
  25  3:13  Probe (Chrono Boost)  
  28  3:27  Gateway  
  28  3:30  Probe (Chrono Boost)  
  31  3:43  Oracle  
  31  3:44  Mothership Core (Chrono Boost)  
  34  4:18  Gateway  
  34  4:50  Probe (Chrono Boost)  
  35  4:55  Pylon  
  35  4:56  Pylon  
  35  4:58  Stalker x2  
  35  4:59  Forge  
  39  5:02  Pylon  
  39  5:07  Void Ray  
  40  5:26  Stalker x2  
  44  5:35  Stalker  
  46  5:39  Probe (Chrono Boost)  
  47  5:46  Void Ray  
  47  5:49  Nexus  
  48  5:51  Probe (Chrono Boost), Pylon  
  52  5:58  Stalker  
  52  5:59  Stalker  
  56  6:10  Stalker  
  58  6:12  Stalker  
  58  6:17  Probe (Chrono Boost)  
  61  6:25  Void Ray  
  57  6:58  Stalker x2  
  57  6:59  Stalker x2  
  55  7:21  Void Ray  
  51  7:46  Stalker  
  53  7:58  Void Ray  
  53  8:03  Nexus  
  53  8:04  Stalker  
  59  8:09  Stalker  
  61  8:31  Stalker  
  61  8:32  Stalker  
  58  9:02  Probe (Chrono Boost), Pylon  
  59  9:04  Pylon  
  59  9:07  Stalker  
  59  9:08  Stalker  
  45  9:42  Stalker x2  
  45  9:43  Stalker  
  49  9:55  Probe (Chrono Boost)  
  50  10:02  Stalker  
  52  10:13  Robotics Facility  
  52  10:21  Stalker  
  52  10:27  Probe (Chrono Boost)  
  52  10:28  Probe (Chrono Boost)  
  56  10:31  Stalker  
  58  10:42  Assimilator  
  58  10:46  Stalker  
  58  10:47  Assimilator  
  60  10:58  Void Ray  
  64  11:18  Stalker x2  
  64  11:19  Stalker  
  64  11:20  Stalker  
  62  11:35  Void Ray  
  50  11:41  Stalker  
  52  11:50  Probe (Chrono Boost)  
  49  11:56  Stalker  
  49  11:57  Stalker  
  53  12:17  Void Ray  
  54  12:40  Stalker  
  54  12:41  Stalker  
  54  12:42  Stalker x2  
  42  13:12  Stalker  
  36  13:13  Sentry, Zealot  
  36  13:14  Sentry  
  42  13:24  Twilight Council  
  42  13:34  Zealot  
  42  13:36  Zealot  
  42  13:37  Zealot  
  42  13:38  Zealot  
  50  14:09  Nexus  
  50  14:15  Probe (Chrono Boost)  
  50  14:16  Probe (Chrono Boost)  
  52  14:34  Stalker  
  52  14:35  Zealot, Stalker  
  58  14:42  Stalker  
  60  14:54  Pylon  
  60  15:02  Observer  
  60  15:04  Probe (Chrono Boost)  
  62  15:10  Stalker  
  64  15:25  Probe (Chrono Boost)  
  64  15:26  Probe (Chrono Boost)  
  66  15:32  Zealot x2  
  67  15:36  Probe (Chrono Boost)  
  46  15:58  Pylon  
  46  16:02  Stalker, Zealot  
  46  16:03  Zealot  
  42  16:04  Zealot  
Tags
 
Add a new tag
Caveats
  • Supply blocks, unpowered buildings, or Contaminate may cause inaccurate times.
  • Supply counts are checked every 10 seconds.